 Dungeon Crawl Stone Soup version 0.31-a0-986-g5e6e4ef867 (webtiles) character file.

Game seed: 6640693437051518457

223 bmb222 the Ruffian (level 5, -1/37 HPs)
             Began as a Demonspawn Shapeshifter on Nov 22, 2023.
             Was an Initiate of Gozag.
             Slain by an orc
             ... wielding a +0 mace
              (6 damage)
             ... on level 3 of the Dungeon.
             The game lasted 00:04:45 (3322 turns).

bmb222 the Ruffian (Demonspawn Shapeshifter)        Turns: 3322, Time: 00:04:47

Health: -1/37      AC:  6    Str: 16    XL:     5   Next: 66%
Magic:  5/5        EV:  7    Int: 11    God:    Gozag
Gold:   148        SH:  0    Dex: 13    Spells: 4/4 levels left

rFire   . .          .
                       - Unarmed
rCold   + . .        (no shield)
rNeg    . . .        v - +0 scale mail
rPois   .            (helmet currently unavailable)
rElec   .            (cloak currently unavailable)
rCorr   +            (gloves currently unavailable)
SInv    .            (boots currently unavailable)
Will    .....        (no amulet) Stlth
                     k - ring of protection from cold
HPRegen 0.26/turn    y - ring of resist corrosion
MPRegen 0.09/turn

%: no passive effects
@: beast-form, gold aura, constricted
A: beast (slay +1), foul stench 1, demonic magic 1
a: Begin Untransformation, Renounce Religion, Potion Petition, Call Merchant,
Bribe Branch


You were on level 3 of the Dungeon.
You worshipped Gozag.
Gozag was aware of your devotion.
You were a hulking beast.
You visited 2 branches of the dungeon, and saw 5 of its levels.

You collected 214 gold pieces.
You paid 66 gold pieces to Gozag.

Inventory:

Armour
 a - a +0 animal skin
 o - a +0 ring mail
 v - a +0 scale mail (worn)
Jewellery
 k - a ring of protection from cold (left hand)
 u - a ring of magical power
 y - a ring of resist corrosion (right hand)
 z - a ring of fire
Talismans
 c - a beast talisman
 d - a flux talisman
Scrolls
 e - a scroll of identify
 f - a scroll of poison {unknown}
 h - 2 scrolls of enchant armour
 i - a scroll of immolation {unknown}
 l - a scroll of brand weapon {unknown}
 n - a scroll of blinking {unknown}
 q - a scroll of revelation
 s - a scroll of amnesia {unknown}
 t - a scroll of enchant weapon
 x - a scroll of teleportation
Potions
 b - 2 potions of lignification
 g - a potion of invisibility {unknown}
 j - 5 potions of curing
 m - a potion of magic {unknown}
 p - a potion of berserk rage {unknown}
 r - a potion of cancellation {unknown}
 w - a potion of mutation {unknown}
 A - a potion of haste {unknown}


   Skills:
 + Level 1.6 Fighting
 * Level 2.8 Armour
 - Level 1.7 Dodging
 + Level 4.1 Unarmed Combat
 + Level 3.4 Shapeshifting


You had 4 spell levels left.
You didn't know any spells.
Your spell library contained the following spells:

 Spells                   Type           Power      Damage    Failure   Level
 Cigotuvi's Dreadful Rot  Necr/Pois/Air  0%         N/A       88%         2
 Dispel Undead            Necr           0%         3d6       100%        4
 Death Channel            Necr           0%         N/A       100%        6


Dungeon Overview and Level Annotations

Branches:
Dungeon (4/15)             Temple (1/1) D:4

Altars:
Ashenzari
Fedhas
Gozag
Kikubaaqudgha
Makhleb
Nemelex Xobeh
Okawaru
Qazlal
Ru
Sif Muna
Trog
Uskayaw
Vehumet
Yredelemnul

Annotations:
D:3 Grinder
D:4 Blork the orc


Innate Abilities, Weirdness & Mutations

You are a hulking beast.
Your limbs bulge with bestial killing power. (Slay +1)
You may rarely emit foul miasma when damaged in melee.
Spells you cast may paralyse adjacent enemies.


Message History

You hit the orc but do no damage. Your punch misses the orc.
You feel sick. The orc hits you with a +0 mace.
You hit the orc but do no damage.
You feel sick.
You barely miss the ball python.
You feel sick.
You are no longer poisoned.
The orc hits you with a +0 mace. The ball python barely misses you.
The ball python grabs you. The ball python constricts you.
You closely miss the orc. The ball python bites you.
The ball python constricts you. The orc barely misses you.
You escape the ball python's grasp.
The orc hits you but does no damage. The ball python closely misses you.
The ball python grabs you.
You stop ascending the stairs.
The ball python constricts you.
You escape the ball python's grasp.
The orc hits you with a +0 mace. The ball python closely misses you.
The ball python barely misses you.
You climb upwards.
Level annotation: Grinder
There is a stone staircase leading down here.
You can't go up here!
You hit the orc. You punch the orc.
The orc is heavily wounded.
The orc hits you with a +0 mace. The ball python bites you.
* * * LOW HITPOINT WARNING * * *
The ball python grabs you. The ball python constricts you.
There are monsters nearby!
You hit the orc.
The orc is severely wounded.
The orc hits you with a +0 mace.
* * * LOW HITPOINT WARNING * * *
The ball python bites you.
* * * LOW HITPOINT WARNING * * *
The ball python constricts you.
You barely miss the orc.
The orc is severely wounded.
The ball python bites you.
* * * LOW HITPOINT WARNING * * *
The ball python constricts you.
* * * LOW HITPOINT WARNING * * *
The orc hits you with a +0 mace.
You die...
Your body crumbles into a pile of gold.

#....#.###........##...##...
#....#............#8...8#)..
#.......##......<.##...##.##
#.................##...##..(
#.....####..).....##...####.
#.....## #........#8...8###.
#......# #........##...##...
#....#.# #S........>...#....
##...#.# ##ho<.......###....
###..#.## ##.....#..........
#....#..###########...###.#.
#...........................
#....#.........####.....#...
###>##.......#.####.........
#.##...รท..................
#.#####...###.............
#.#####.#.#)#.#...........


You could see an orc and a ball python.

Vanquished Creatures
  A scorpion (D:4)
  2 iguanas (D:4)
  4 adders
  2 ufetubi (D:3)
  2 orcs (D:3)
  9 ball pythons
  3 bats (D:2)
  3 endoplasms
  3 giant cockroaches
  8 goblins
  7 hobgoblins
  6 jackals
  5 kobolds
  2 quokkas
  3 frilled lizards
  2 rats (D:3)
62 creatures vanquished.

Notes
Turn   | Place    | Note
-------+----------+-------------------------------------------
     0 | D:1      | bmb222 the Demonspawn Shapeshifter began the quest for the
                  | Orb.
     0 | D:1      | Reached XP level 1. HP: 15/15 MP: 1/1
   278 | D:1      | Gained mutation: You may rarely emit foul miasma when
                  | damaged in melee. [demonic ancestry]
   278 | D:1      | Reached XP level 2. HP: 18/21 MP: 2/2
   362 | D:1      | Reached skill level 3 in Unarmed Combat
  1237 | D:2      | Reached XP level 3. HP: 25/26 MP: 3/3
  1332 | D:3      | Noticed Grinder
  1596 | D:2      | HP: 1/26 [goblin/+0 dagger (2)]
  1600 | D:2      | Reached skill level 1 in Armour
  2143 | D:3      | Reached XP level 4. HP: 25/32 MP: 4/4
  2971 | D:4      | Found a sacrificial altar of Ru.
  2988 | D:4      | Gained mutation: Spells you cast may paralyse adjacent
                  | enemies. [demonic ancestry]
  2988 | D:4      | Reached XP level 5. HP: 18/37 MP: 5/5
  3041 | D:4      | Found a staircase to the Ecumenical Temple.
  3058 | D:4      | Reached skill level 4 in Unarmed Combat
  3135 | Temple   | Entered the Ecumenical Temple
  3176 | Temple   | Became a worshipper of Gozag Ym Sagoz the Greedy
  3239 | D:4      | Noticed Blork the orc
  3322 | D:3      | Slain by an orc

Illustrated notes

Levels and vault maps discovered:
D:1:      reono_arrival_mine, layout_basic
D:2:      layout_loops_ring, minmay_randomly_rotated_circles
D:3:      layout_rooms, serial_corexii_hall, corexii_hall_statues_x,
          corexii_hall_statues_l, corexii_hall_statues_i,
          corexii_hall_statues_s, minmay_fractal_squares_5, uniq_grinder
D:4:      layout_rooms, nicolae_ru_path_of_blood, kennysheep_mini,
          old_standard_altar, minmay_temple_entry_grid, serial_bayou_pond_a,
          uniq_blork_the_orc, uniq_duvessa
Temple:   nicolae_temple_bog_church

Skill      XL: |  1  2  3  4  5 |
---------------+----------------+-----
Unarmed Combat | 3 4 |  4.1
Shapeshifting  | 3 |  3.4
Armour         | 1 2 |  2.8
Fighting       | |  1.6
Dodging        | |  1.7

Action                     |  1- 3 |  4- 6 || total
---------------------------+-------+-------++-------
  Melee: Unarmed           |   135 |    84 ||   219
         Punch             |     2 |     3 ||     5
    Use: Scroll            |     2 |     3 ||     5
   Stab: Sleeping          |     1 |       ||     1
 Armour: Animal skin       |    28 |       ||    28
         Ring mail         |    67 |     1 ||    68
         Scale mail        |       |    69 ||    69
  Dodge: Dodged            |   131 |    57 ||   188

Table legend: (Time is in decaauts)
 A = Elapsed time spent in this place.
 B = Non-inter-level travel time spent in this place.
 C = Inter-level travel time spent in this place.
 D = Time resting spent in this place.
 E = Time spent auto-exploring this place.
 F = Levels seen in this place.
 G = Mean time per level.
                   A        B        C        D        E       F      G
               +--------+--------+--------+--------+--------+-----+--------+
         Total |   3311 |   3150 |    161 |    868 |   1664 |   5 |  662.2 |
       Dungeon |   3245 |   3108 |    137 |    868 |   1664 |   4 |  811.2 |
        Temple |     66 |     43 |     23 |      0 |      0 |   1 |   66.0 |
               +--------+--------+--------+--------+--------+-----+--------+

Top non-repeatable levels by time:
     D:2: 1214 daAuts
     D:3: 824 daAuts
     D:1: 643 daAuts
     D:4: 562 daAuts
  Temple: 66 daAuts
